 Dungeon Crawl Stone Soup version 0.27.0-1-g7a089689b8 (console) character file.

Game seed: 16210889237548818553

5821 thromnambular the Nimble (level 10, -14/63 HPs)
             Began as a Tengu Air Elementalist on Aug 15, 2021.
             Was an Initiate of Ashenzari.
             Killed from afar by an electric eel (17 damage)
             ... with a bolt of electricity
             ... on level 1 of the Lair of Beasts.
             The game lasted 00:35:27 (13136 turns).

thromnambular the Nimble (Tengu Air Elementalist)  Turns: 13136, Time: 00:35:27

Health: -14/63     AC:  6    Str:  9    XL:     10   Next: 80%
Magic:  12/17      EV: 21    Int: 19    God:    Ashenzari [......]
Gold:   374        SH:  6    Dex: 19    Spells: 0/17 levels left

rFire    . . .     SeeInvis .   l - +1 flail (vorpal)
rCold    . . .     Faith    .   p - +0 buckler
rNeg     + . .     Spirit   .   a - +0 robe
rPois    +         Reflect  .   c - +2 hat "Oblivion of Ashenzari" {Fort, Alch} (curse)
rElec    .         Harm     .   x - +1 cloak
rCorr    +         Rampage  .   (no gloves)
Will     .....                  (boots unavailable)
Stlth    ++........             (no amulet)
HPRegen  0.20/turn              b - ring of poison resistance
MPRegen  0.15/turn              o - ring "Uxoron" {Wiz rN+ rCorr Dex+5}

@: about to teleport, flying quickly and evasively, very slightly contaminated,
quick
A: beak, talons 3, nimble flight
a: Renounce Religion, Shatter the Chains


You were on level 1 of the Lair of Beasts.
You worshipped Ashenzari.
Ashenzari was noncommittal.
You visited 3 branches of the dungeon, and saw 11 of its levels.
You also visited: Ossuary.

You collected 374 gold pieces.

Inventory:

Hand Weapons
 l - a +1 vorpal flail (weapon)
Armour
 a - a +0 robe (worn)
 c - the cursed +2 hat "Oblivion of Ashenzari" (worn) {Fort, Alch}
   (You acquired it in an ossuary)

   It has a curse which improves the following skills: Fortitude: Armour and
   Shields.
   Alchemy:   Poison Magic and Transmutations.
 p - a +0 buckler (worn)
 x - a +1 cloak (worn)
Magical Staves
 m - a staff of death
Jewellery
 b - a ring of poison resistance (left hand)
 o - the ring "Uxoron" (right hand) {Wiz rN+ rCorr Dex+5}
   (You found it on level 7 of the Dungeon)

   [ring of wizardry]

   It improves your spell success rate.
   Dex:       It affects your dexterity (+5).
   rN:        It protects you from negative energy.
   rCorr:     It protects you from acid and corrosion.
Wands
 q - a wand of acid (6)
Scrolls
 d - 4 scrolls of fog
 f - 4 scrolls of teleportation
 h - a scroll of silence
 s - a scroll of enchant weapon
 v - a scroll of magic mapping
Potions
 e - 2 potions of cancellation
 g - 2 potions of ambrosia
 i - a potion of magic
 j - 4 potions of curing
 k - a potion of haste
 n - 2 potions of heal wounds
 r - a potion of flight
 t - 6 potions of lignification
 u - a potion of attraction
 w - a potion of resistance
 z - a potion of brilliance
 A - a potion of might


   Skills:
 + Level 7.6 Fighting
 - Level 5.1 Maces & Flails
 - Level 3.0(3.5) Armour
 + Level 8.7 Dodging
 - Level 2.0 Stealth
 - Level 3.5(4.0) Shields
 - Level 4.1 Spellcasting
 + Level 6.6 Conjurations
 + Level 3.4(3.9) Transmutations
 - Level 7.6 Air Magic


You couldn't memorise any spells.
You knew the following spells:

 Your Spells              Type           Power      Damage    Failure   Level
a - Shock                 Conj/Air       100%       1d9       1%          1
b - Static Discharge      Conj/Air       30%        N/A       1%          2
c - Airstrike             Air            16%        N/A       2%          4
d - Swiftness             Air            32%        N/A       1%          3
e - Irradiate             Conj/Tmut      12%        3d18      16%         5
f - Sublimation of Blood  Necr           1%         N/A       9%          2

Your spell library contained the following spells:

 Spells                   Type           Power      Damage    Failure   Level
 Sticky Flame             Conj/Fire      16%        2d4       14%         4
 Call Canine Familiar     Summ           3%         N/A       16%         3
 Portal Projectile        Hex/Tloc       6%         N/A       16%         3
 Petrify                  Tmut/Erth      11%        N/A       24%         4
 Dispel Undead            Necr           3%         3d7       45%         4
 Leda's Liquefaction      Hex/Erth       1%         N/A       45%         4


Dungeon Overview and Level Annotations

Branches:
Dungeon (9/15)             Temple (1/1) D:5            Lair (1/6) D:8
Ossuary (visited)
    Orc: D:9-12

Altars:
Ashenzari
Cheibriados
Dithmenos
Elyvilon
Fedhas
Gozag
Hepliaklqana
Kikubaaqudgha
Makhleb
Nemelex Xobeh
Okawaru
Qazlal
Ru
Sif Muna
Trog
Uskayaw
Vehumet
Wu Jian
Xom
Yredelemnul
Zin
The Shining One

Shops:
D:1 !   D:4 (

Annotations:
D:5 3 runed translucent doors, Strat's ghost, amateur MiDe
Lair:1 Harold


Innate Abilities, Weirdness & Mutations

You have a beak for a mouth.
You have claws for feet.
Your magical nature lets you fly swiftly and evasively.


Message History

What level of the Lair of Beasts? (default 1, ? - help)
There is a staircase to the Lair here.
You fly downwards.
Welcome back to the Lair of Beasts!
Level annotation: Harold An eight-headed hydra comes into view.
The cane toad closely misses you.
An electric eel comes into view.
You block the bullfrog's attack. The cane toad barely misses you.
The electric eel shoots out a bolt of lightning at you!
The bolt of electricity misses you. The bullfrog closely misses you.
There is a staircase back to the Dungeon here.
The cane toad closely misses you. You block the bullfrog's attack.
Harold fires a harpoon shot at you. The harpoon shot hits you!
You stop ascending the stairs.
You are yanked forward by the harpoon shot.
The electric eel shoots out a bolt of lightning at you!
The bolt of electricity misses you.
As you read the scroll of teleportation, it crumbles to dust.
You feel strangely unstable. Harold hits you with a +0 glaive!!
Casting: Airstrike (dangerous; 2% risk of failure)
Confirm with . or Enter, or press ? or * to list all spells.
The spell is quite dangerous to cast (16% risk of failure)!
Continue anyway?
You erupt in a fountain of uncontrolled magic!
The bullfrog is blasted with magical radiation!!
The bullfrog is almost dead.
The bullfrog twists and deforms.
Harold is blasted with magical radiation!!
Harold is heavily wounded.
Harold twists and deforms.
The cane toad is blasted with magical radiation!!!
You kill the cane toad!
You are very lightly contaminated with residual magic.
The bullfrog closely misses you. Harold hits you with a +0 glaive!
* * * LOW HITPOINT WARNING * * *
The electric eel shoots out a bolt of lightning at you!
The bolt of electricity hits you!
* * * LOW HITPOINT WARNING * * *
The electric eel shoots out a bolt of lightning at you!
The bolt of electricity hits you!
You die...

#....≈≈≈≈≈≈≈≈≈≈
#./..≈≈≈;≈;≈≈≈≈≈≈.
#.................
#.≈≈≈≈....≈≈≈≈≈≈≈.
..≈≈≈≈....≈≈≈≈≈≈≈.
..≈≈≈≈.<..≈≈≈≈≈≈≈.
..≈≈≈≈....≈≈≈≈≈≈≈.
..≈≈≈≈....†.......
..≈≈≈≈..DF@.......
..≈≈≈≈.....@......
..≈≈≈≈....[.;≈≈≈≈≈
............≈≈≈≈≈≈
........$...;≈≈≈≈≈
.........≈≈≈≈≈≈
##≈≈≈≈...≈≈≈≈≈≈
#≈≈≈≈...≈≈≈≈≈≈


You could see Harold (misshapen), an eight-headed hydra, a bullfrog (misshapen)
and 4 electric eels.

Vanquished Creatures
  Maurice (D:8)
  A cane toad (Lair:1)
  Psyche (D:8)
  A hornet (D:8)
  7 yaks
  Eustachio (D:5)
  3 water moccasins
  5 black bears
  A sky beast (D:5)
  3 orc warriors
  2 necrophages
  An ogre (D:6)
  A phantom (D:5)
  Blork the orc (D:4)
  3 kobold brigands (D:8)
  9 bullfrogs
  A wyvern zombie (D:7)
  A gnoll sergeant (D:5)
  3 scorpions
  A water moccasin zombie (Ossuary)
  A wyvern skeleton (D:7)
  2 jellies
  Crazy Yiuf (D:4)
  A centaur zombie (D:6)
  A gnoll shaman (D:6)
  A centaur skeleton (D:7)
  4 orc priests
  5 hounds
  An iguana (D:5)
  Ijyb (D:5)
  7 orc wizards
  2 mummies (Ossuary)
  3 hound skeletons
  A howler monkey zombie (D:8)
  10 adders
  12 gnolls
  2 shadow imps
  A white imp (D:5)
  An ufetubus (D:5)
  3 adder zombies (Ossuary)
  2 worms
  2 dart slugs
  27 orcs
  8 ball pythons
  3 bats
  4 endoplasms
  3 giant cockroaches
  2 gnoll zombies (Ossuary)
  5 goblins
  8 hobgoblins
  3 jackals (D:1)
  4 frilled lizards
  4 hobgoblin zombies (Ossuary)
  21 kobolds
  6 kobold zombies (Ossuary)
  4 orc zombies (Ossuary)
  5 rats
218 creatures vanquished.

Vanquished Creatures (others)
  An orc (D:6)
  24 fungi (D:8)
  46 plants (D:8)
71 creatures vanquished.

Grand Total: 289 creatures vanquished

Notes
Turn   | Place    | Note
-------+----------+-------------------------------------------
     0 | D:1      | thromnambular the Tengu Air Elementalist began the quest
                  | for the Orb.
     0 | D:1      | Reached XP level 1. HP: 10/10 MP: 4/4
   207 | D:1      | Found Soschurph's Distillery.
   353 | D:1      | Reached XP level 2. HP: 13/16 MP: 0/6
   901 | D:1      | Reached skill level 1 in Fighting
   940 | D:1      | Learned a level 2 spell: Static Discharge
  1057 | D:1      | Reached XP level 3. HP: 10/20 MP: 0/7
  1781 | D:2      | Reached XP level 4. HP: 25/25 MP: 1/8
  1786 | D:2      | Reached skill level 3 in Dodging
  1884 | D:2      | Learned a level 4 spell: Airstrike
  1972 | D:2      | Found an iron altar of Okawaru.
  2250 | D:3      | Reached skill level 5 in Air Magic
  2684 | D:3      | Gained mutation: Your magical nature lets you fly swiftly
                  | and evasively. [Tengu growth]
  2684 | D:3      | Reached XP level 5. HP: 19/30 MP: 2/9
  3108 | D:4      | Found Soropl Bihi's Weapon Shop.
  3115 | D:4      | Noticed Blork the orc
  3379 | D:4      | Reached skill level 1 in Maces & Flails
  3691 | D:4      | Found a runed translucent door.
  3692 | D:4      | Noticed Crazy Yiuf
  3782 | D:4      | Reached XP level 6. HP: 13/36 MP: 5/10
  4174 | D:4      | Killed Crazy Yiuf
  4382 | D:4      | Reached skill level 4 in Dodging
  4393 | D:4      | Killed Blork the orc
  4707 | D:5      | Entered Level 5 of the Dungeon
  4712 | D:5      | Noticed a necrophage
  4718 | D:5      | Killed a necrophage
  4719 | D:5      | Reached XP level 7. HP: 39/41 MP: 4/12
  5436 | D:4      | Reached skill level 1 in Armour
  5436 | D:4      | Reached skill level 5 in Dodging
  5483 | D:5      | Noticed Ijyb
  5539 | D:5      | Killed Ijyb
  5652 | D:5      | Reached XP level 8. HP: 48/48 MP: 11/13
  5951 | D:5      | Found a staircase to the Ecumenical Temple.
  6105 | D:5      | Found a runed translucent gate.
  6105 | D:5      | Found a runed translucent gate.
  6105 | D:5      | Found a runed translucent gate.
  6105 | D:5      | Noticed Strat's ghost (amateur MiDe)
  6398 | D:5      | Noticed Eustachio
  6412 | D:5      | Killed Eustachio
  6610 | D:5      | Learned a level 3 spell: Swiftness
  6991 | D:6      | Reached skill level 5 in Fighting
  6991 | D:6      | Reached skill level 6 in Dodging
  7099 | D:6      | Found a sand-covered staircase.
  7105 | Ossuary  | Entered an ossuary
  7418 | Ossuary  | Reached XP level 9. HP: 43/54 MP: 3/14
  7615 | Ossuary  | Identified a scroll of acquirement
  7615 | Ossuary  | Acquired a +1 hat
  8842 | D:7      | Reached skill level 7 in Dodging
  9072 | D:7      | Reached skill level 5 in Maces & Flails
  9240 | D:7      | Identified the ring "Uxoron" {Wiz rN+ rCorr Dex+5}
  9361 | D:7      | Learned a level 5 spell: Irradiate
  9783 | D:8      | Noticed Maurice
  9822 | Temple   | Entered the Ecumenical Temple
  9978 | Temple   | Became a worshipper of Ashenzari the Shackled
 10098 | D:8      | Reached skill level 1 in Transmutations
 10105 | D:7      | Reached skill level 1 in Shields
 10324 | D:7      | Reached XP level 10. HP: 61/61 MP: 17/17
 10758 | D:8      | Killed Maurice
 10759 | D:8      | Reached skill level 5 in Conjurations
 10796 | D:8      | Reached skill level 8 in Dodging
 11641 | D:8      | Found a staircase to the Lair.
 11667 | D:8      | Noticed Psyche
 11672 | D:8      | Killed Psyche
 11917 | D:8      | Found a hide-covered altar of Uskayaw.
 12309 | D:8      | Learned a level 2 spell: Sublimation of Blood
 12796 | Lair:1   | Entered Level 1 of the Lair of Beasts
 12796 | Lair:1   | Noticed Harold
 12796 | Lair:1   | Noticed a cane toad
 12862 | D:9      | Noticed a tengu warrior
 13133 | Lair:1   | Noticed an eight-headed hydra
 13136 | Lair:1   | Killed a cane toad
 13136 | Lair:1   | HP: 3/63 [electric eel/bolt of electricity (13)]
 13136 | Lair:1   | Killed from afar by an electric eel

Illustrated notes

Levels and vault maps discovered:
D:1:      dpeg_arrival_snail, layout_loops_ring, serial_shops,
          nicolae_shop_behind_doors, minmay_pentomino_t2
D:2:      layout_rooms, basic_altar
D:3:      layout_basic
D:4:      layout_loops_ring, serial_shops, nicolae_shop_trees,
          uniq_crazy_yiuf_cottage, uniq_blork_the_orc
D:5:      layout_gridville, minmay_temple_entry_purple_smoke,
          ebering_ghost_rock_garden, minivault_4, uniq_eustachio, uniq_ijyb
D:6:      layout_basic, nicolae_ossuary_entry_monument, lemuel_old_faithful
D:7:      layout_loops_ring, minmay_liquid_box
D:8:      layout_layer_cave, nicolae_uskayaw_dance_studio,
          due_lair_maze_entry_diamond, uniq_maurice, uniq_psyche
D:9:      layout_rooms, ebering_dispersal_statue_hall, eino_curves_02,
          jiyva_altar_1, uniq_pikel
Temple:   kilobyte_greek_temple
Lair:1:   layout_chaotic_city, gammafunk_ghost_berserking_beasts, st_stairs_6,
          minmay_lair_oklob_chamber, lemuel_fruit_fields, uniq_harold

Skill      XL: |  1  2  3  4  5  6  7  8  9 10 |
---------------+-------------------------------+-----
Conjurations   | 2 3 4 6 |  6.6
Fighting       | 1 2 3 4 5 6 7 |  7.6
Dodging        | 3 4 5 6 7 8 |  8.7
Air Magic      | 5 6 7 |  7.6
Maces & Flails | 1 2 3 4 5 |  5.1
Spellcasting   | 3 4 |  4.1
Armour         | 1 3 |  3.0
Transmutations | 1 3 |  3.4
Shields        | 2 3 |  3.5
Stealth        | |  2.0

Action                   |  1- 3 |  4- 6 |  7- 9 | 10-12 || total
-------------------------+-------+-------+-------+-------++-------
Melee: Mace              |    10 |     5 |       |       ||    15
       Kick              |     2 |     5 |    27 |    12 ||    46
       Flail             |       |    20 |   112 |    38 ||   170
       Peck              |       |     5 |    21 |    10 ||    36
 Cast: Shock             |    66 |   102 |   197 |    87 ||   452
       Static Discharge  |       |    12 |    46 |    26 ||    84
       Airstrike         |       |     1 |     7 |    10 ||    18
       Irradiate         |       |       |       |     1 ||     1
Invok: Curse Item        |       |       |       |     1 ||     1
Evoke: Wand              |       |       |       |     4 ||     4
  Use: Scroll            |     5 |     1 |    14 |     1 ||    21
       Potion            |       |     2 |     4 |       ||     6
 Stab: Sleeping          |       |       |     1 |       ||     1
Armor: Robe              |     3 |     4 |    32 |     8 ||    47
Dodge: Dodged            |    13 |    35 |   186 |    78 ||   312
Block: Buckler           |       |       |     3 |    26 ||    29
